 Dungeon Crawl Stone Soup version 0.19-a0-1051-gdb7e7f8 (webtiles) character file.

483 HAL9000 the Slasher (level 6, -2/56 HPs)
             Began as a Minotaur Fighter on Aug 1, 2016.
             Was an Initiate of Ru.
             Killed by divine providence
             ... invoked by an orc priest
              (15 damage)
             ... on level 5 of the Dungeon.
             The game lasted 00:04:26 (2684 turns).

HAL9000 the Slasher (Minotaur Fighter)              Turns: 2684, Time: 00:04:27

Health: -2/56      AC:  7    Str: 20    XL:     6   Next: 87%
Magic:  5/5        EV:  7    Int:  5    God:    Ru [......]
Gold:   173        SH: 10    Dex: 12    Spells: 0 memorised, 5 levels left

rFire  . . .     SeeInvis .     a - +0 long sword
rCold  . . .     Gourm    .     b - +0 scale mail
rNeg   . . .     Faith    .     c - +0 shield
rPois  .         Spirit   .     (helmet restricted)
rElec  .         Dismiss  .     (no cloak)
rCorr  .         Reflect  .     (no gloves)
SustAt .         Harm     .     (no boots)
MR     .....                    (no amulet)
Stlth  ..........               (no ring)
                                (no ring)

@: not resistant to hostile enchantments, extremely unstealthy
A: retaliatory headbutt, horns 2
a: Sacrifice Nimbleness, Sacrifice Resistance, Sacrifice Health, Reject
Sacrifices, Renounce Religion


You were on level 5 of the Dungeon.
You worshipped Ru.
Ru was noncommittal.
You were not hungry.

You visited 1 branch of the dungeon, and saw 5 of its levels.

You collected 173 gold pieces.

Inventory:

Hand Weapons
 a - a +0 long sword (weapon)
Armour
 b - a +0 scale mail (worn)
 c - a +0 shield (worn)
Wands
 r - a wand of lightning (2/15)
 u - a wand of paralysis (8/24)
 y - a wand of digging (12/24)
Scrolls
 g - a scroll of identify
 h - 2 scrolls of fog {unknown}
 k - 4 scrolls of remove curse {unknown}
 l - 2 scrolls of immolation {unknown}
 m - 2 scrolls of enchant armour {unknown}
 q - 3 scrolls of noise {unknown}
 z - a scroll of teleportation {unknown}
 A - 2 scrolls of recharging {unknown}
Potions
 d - a potion of might
 j - 3 potions of degeneration
 p - a potion of curing
 s - 2 potions of haste
 v - a potion of cancellation
 C - a potion of flight {unknown}
Comestibles
 f - 6 bread rations
 i - 2 slices of pizza
 n - 7 fruits
 w - 2 meat rations
 B - a beef jerky


   Skills:
 + Level 5.2 Fighting
 * Level 5.8 Long Blades
 + Level 5.3 Armour
 + Level 5.4 Shields


You had 5 spell levels left.
You didn't know any spells.

Dungeon Overview and Level Annotations

Branches:
Dungeon (5/15)
 Temple: D:4-7

Altars:
Dithmenos
Elyvilon
Qazlal
Ru
Trog
Yredelemnul
Zin


Innate Abilities, Weirdness & Mutations

You reflexively headbutt those who attack you in melee.
You have a pair of horns on your head.


Message History

The orc wizard blinks!
Unknown command.
You closely miss the orc priest. Your headbutt misses the orc priest.
The orc wizard points at you and mumbles some strange words.
The magic dart hits you!
* * * LOW HITPOINT WARNING * * *
The orc priest hits you but does no damage.
The orc wizard gestures wildly while chanting.
The orc wizard blinks!
You closely miss the orc priest. The orc priest hits you.
* * * LOW HITPOINT WARNING * * *
Unknown command.
You feel better. You block the orc priest's attack.
Unknown command.
You hit the orc priest.
The orc priest is moderately wounded.
The orc priest hits you but does no damage.
The orc priest calls down the wrath of Beogh upon you.
Beogh smites you!
You die...

####### #### #......
#.. .#.#.#.#.# #..
..........
###.#############†##
+..o........).......
###.###.#####.......
#.# #.#####.###.##
#@# #...........#
#o# #######.#####
#.o.##...........#
#...##.......###.#
#....+.......'...#
#...##.......#####
#...##.......#
#...########## #...#


You could see 2 orc priests and an orc wizard.

Vanquished Creatures
  An ogre (D:4)
  2 scorpions (D:4)
  A crimson imp (D:5)
  2 hounds (D:4)
  A giant frog skeleton (D:4)
  Robin (D:4)
  6 adders
  An ooze (D:1)
  2 worms
  11 giant geckos
  2 orcs (D:5)
  3 ball pythons
  8 bats
  4 giant cockroaches
  19 goblins
  10 hobgoblins
  4 jackals
  2 quokkas
  A giant gecko skeleton (D:4)
  3 giant newts
  7 kobolds
  A quokka skeleton (D:4)
  4 rats
96 creatures vanquished.

Notes
Turn   | Place    | Note
-------+----------+-------------------------------------------
     0 | D:1      | HAL9000 the Minotaur Fighter began the quest for the Orb.
     0 | D:1      | Reached XP level 1. HP: 19/19 MP: 0/0
   100 | D:1      | Reached XP level 2. HP: 26/27 MP: 1/1
   491 | D:2      | Reached XP level 3. HP: 31/33 MP: 2/2
   796 | D:2      | Found a white marble altar of Elyvilon.
   803 | D:2      | Found a sacrificial altar of Ru.
   806 | D:2      | Found a shadowy altar of Dithmenos.
   807 | D:2      | Found a basalt altar of Yredelemnul.
   814 | D:2      | Became a worshipper of Ru the Awakened
  1293 | D:3      | Reached XP level 4. HP: 40/40 MP: 3/3
  1347 | D:3      | Found a stormy altar of Qazlal.
  1664 | D:3      | Found a bloodstained altar of Trog.
  1928 | D:4      | Noticed an ogre
  1935 | D:4      | Reached XP level 5. HP: 47/47 MP: 4/4
  1944 | D:4      | Killed an ogre
  2020 | D:4      | Noticed Robin
  2055 | D:4      | Reached skill level 5 in Armour
  2062 | D:4      | Killed Robin
  2068 | D:4      | Reached skill level 5 in Long Blades
  2068 | D:4      | Reached skill level 5 in Shields
  2068 | D:4      | Reached XP level 6. HP: 46/55 MP: 5/5
  2082 | D:4      | Reached skill level 5 in Fighting
  2257 | D:4      | Found a glowing silver altar of Zin.
  2601 | D:5      | Entered Level 5 of the Dungeon
  2601 | D:5      | Found a basalt altar of Yredelemnul.
  2681 | D:5      | HP: 2/56 [orc wizard/magic dart (2)]
  2684 | D:5      | Killed from afar by an orc priest

Vault maps used:
D:1:      ncdulo_watergridlock, minmay_misc_feat_diagonals,
          hangedman_decor_clover_reticule, minmay_cut_off
D:2:      minitemple, minmay_tromino_v4_b
D:3:      nicolae_overflow_hidden_temple, old_standard_altar
D:4:      zin_treasury, grunt_decor_fettered, uniq_robin
D:5:      overflow_temple_1_default, first_bread, basic_altar, serial_shops,
          shop_fountains, hangedman_minor_gate_pass

Skill      XL: |  1  2  3  4  5  6 |
---------------+-------------------+-----
Long Blades    | 3 4 5 |  5.8
Shields        | 4 5 |  5.4
Fighting       | 4 5 |  5.2
Armour         | 4 5 |  5.3

Action                   |  1- 3 |  4- 6 || total
-------------------------+-------+-------++-------
Melee: Long sword        |   108 |   147 ||   255
       Headbutt          |    12 |    26 ||    38
  Use: Scroll            |       |     4 ||     4
       Potion            |       |     1 ||     1
  Eat: Chunk             |     1 |     5 ||     6
Armor: Scale mail        |    62 |    39 ||   101
Dodge: Dodged            |    29 |    33 ||    62
Block: Shield            |    51 |    63 ||   114
